Map: [ESL] Waterfall

Players

Astrea

  • Race: Protoss Protoss
  • League: Grandmaster
  • Spawn Location: 7:00

Reynor - Winner!

  • Race: Zerg Zerg
  • Spawn Location: 1:00

Event: TSL 9

VOD

Have the link to the VOD?

Description

Time

  • Played on: Aug. 5, 2022, 8:14 a.m.
  • Length: 10:55

All games in this series

Show
View Real Time Build Order
Export as new Build Order

Astrea Protoss 

Build Orders: 1 Gate Expand, Zealot Archon, Archon Drop, Dark Templar Rush 

Get SALT Encoding   

  12  0:00  Probe  
  13  0:12  Probe  
  14  0:17  Pylon  
  14  0:24  Probe (Chrono Boost)  
  15  0:36  Probe (Chrono Boost)  
  15  0:39  Gateway  
  16  0:44  Probe (Chrono Boost)  
  16  0:48  Assimilator  
  17  0:51  Probe  
  18  1:03  Probe  
  19  1:15  Probe  
  20  1:25  Nexus  
  20  1:28  Probe  
  21  1:38  Cybernetics Core  
  21  1:44  Assimilator  
  21  1:46  Probe  
  22  1:53  Pylon  
  22  1:59  Probe  
  23  2:11  Adept (Chrono Boost), Probe (Chrono Boost)  
  23  2:14  Warp Gate  
  26  2:20  Probe (Chrono Boost)  
  27  2:24  Twilight Council  
  27  2:25  Probe  
  28  2:32  Stalker (Chrono Boost)  
  30  2:38  Probe  
  30  2:40  Probe  
  32  2:50  Probe  
  33  2:52  Probe  
  33  2:54  Robotics Facility  
  34  3:02  Probe  
  34  3:04  Probe  
  36  3:08  Gateway  
  36  3:14  Probe  
  36  3:16  Dark Shrine  
  36  3:18  Probe  
  38  3:23  Adept  
  40  3:27  Probe  
  40  3:30  Probe  
  42  3:35  Pylon  
  42  3:38  Warp Prism (Chrono Boost)  
  42  3:40  Probe  
  43  3:44  Probe  
  46  3:50  Pylon  
  46  3:53  Probe  
  47  3:56  Probe  
  47  4:02  Adept x2  
  52  4:08  Observer  
  53  4:13  Nexus  
  53  4:17  Probe  
  55  4:18  Pylon  
  55  4:21  Probe  
  55  4:29  Dark Templar x2, Probe  
  60  4:33  Assimilator  
  60  4:35  Probe  
  61  4:41  Probe  
  62  4:46  Assimilator  
  62  4:47  Probe  
  62  4:48  Pylon  
  63  4:53  Probe  
  63  4:59  Probe  
  62  5:04  Dark Templar  
  62  5:05  Probe  
  64  5:11  Probe (Chrono Boost)  
  62  5:17  Probe (Chrono Boost)  
  62  5:22  Forge  
  62  5:23  Probe (Chrono Boost)  
  62  5:27  Probe (Chrono Boost)  
  65  5:28  Dark Templar  
  65  5:29  Probe (Chrono Boost)  
  65  5:30  Archon, Probe (Chrono Boost)  
  65  5:33  Archon  
  65  5:35  Blink (Chrono Boost)  
  69  5:36  Probe (Chrono Boost)  
  69  5:37  Probe (Chrono Boost)  
  71  5:43  Protoss Ground Weapons Level 1 (Chrono Boost), Probe (Chrono Boost)  
  71  5:44  Probe (Chrono Boost)  
  71  5:46  Probe (Chrono Boost)  
  71  5:48  Shield Battery  
  71  5:49  Probe, Pylon  
  74  5:51  Probe  
  74  5:55  Probe  
  76  5:57  Gateway  
  76  5:58  Gateway  
  76  6:00  Pylon  
  76  6:02  Probe  
  76  6:03  Probe  
  78  6:08  Probe  
  78  6:10  Robotics Bay  
  79  6:11  Assimilator  
  79  6:13  Assimilator  
  79  6:14  Probe  
  79  6:15  Probe  
  81  6:21  Probe  
  81  6:25  Gateway  
  82  6:26  Probe  
  82  6:27  Gateway  
  82  6:29  Probe  
  82  6:31  Stalker x2  
  88  6:38  Probe  
  89  6:41  Pylon  
  89  6:46  Pylon  
  89  6:55  Stalker x4  
  89  6:57  Probe  
  89  6:59  Pylon  
  89  7:00  Disruptor (Chrono Boost)  
  98  7:01  Nexus  
  101  7:14  Probe x3  
  104  7:15  Pylon  
  104  7:20  Stalker  
  104  7:21  Stalker x2  
  109  7:26  Disruptor (Chrono Boost), Probe  
  109  7:27  Shield Battery  
  109  7:29  Probe  
  114  7:31  Probe  
  114  7:33  Protoss Ground Weapons Level 2 (Chrono Boost)  
  115  7:38  Probe  
  115  7:40  Photon Cannon  
  115  7:42  Probe, Photon Cannon  
  117  7:47  Shield Battery, Probe  
  117  7:51  Probe  
  119  7:58  Disruptor (Chrono Boost), Probe  
  120  7:59  Probe  
  120  8:03  Probe  
  121  8:06  Dark Templar x4  
  121  8:11  Photon Cannon x2  
  127  8:13  Archon x2  
  127  8:16  Assimilator  
  127  8:18  Probe x3  
  130  8:21  Assimilator  
  130  8:26  Disruptor, Stalker x2  
  134  8:32  Probe  
  136  8:39  Gateway  
  136  8:40  Gateway  
  132  8:43  Gateway x2  
  132  8:48  Stalker x2  
  136  8:54  Gateway  
  136  8:55  Gateway  
  132  8:58  Probe x2  
  132  9:00  Stalker x2  
  138  9:14  Probe  
  138  9:15  Probe  
  140  9:22  Pylon  
  140  9:23  Pylon  
  140  9:28  Gateway  
  140  9:29  Photon Cannon  
  140  9:30  Gateway  
  140  9:40  Probe  
  140  9:42  Photon Cannon  
  140  9:43  Shield Battery, Stalker x5  
  140  9:44  Stalker x2  
  146  9:54  Probe  
  146  9:58  Disruptor  
  146  9:59  Probe x3  
  118  10:05  Photon Cannon  
  118  10:06  Probe  
  119  10:11  Probe x3  
  122  10:16  Assimilator  
  122  10:19  Probe  
  123  10:23  Probe x3  
  123  10:25  Zealot  
  123  10:26  Dark Templar x2  
  132  10:31  Dark Templar, Probe  
  132  10:33  Zealot  
  127  10:35  Probe  
  127  10:41  Stalker x2  
Show
View Real Time Build Order
Export as new Build Order

Reynor Zerg - Winner!

Build Orders: Hatch First 

Get SALT Encoding   

  12  0:00  Drone  
  13  0:11  Overlord  
  13  0:16  Drone  
  14  0:30  Drone x2  
  16  0:42  Drone  
  17  0:51  Hatchery  
  17  0:55  Drone  
  17  0:58  Drone  
  18  1:10  Extractor  
  17  1:14  Spawning Pool  
  17  1:17  Drone  
  17  1:20  Drone  
  18  1:27  Drone  
  19  1:38  Drone  
  20  1:49  Overlord  
  20  2:00  Queen  
  22  2:03  Queen, Drone x2  
  26  2:12  Zergling x2  
  26  2:13  Metabolic Boost  
  26  2:14  Zergling x2  
  28  2:21  Drone  
  29  2:24  Drone  
  30  2:40  Drone, Hatchery  
  30  2:42  Zergling x2  
  31  2:47  Overlord  
  31  2:49  Drone  
  32  2:54  Drone  
  33  3:00  Drone  
  33  3:03  Drone  
  35  3:08  Overlord  
  35  3:11  Drone  
  35  3:12  Queen  
  38  3:13  Drone x2  
  38  3:17  Drone  
  38  3:18  Drone  
  42  3:26  Overlord  
  42  3:28  Queen  
  42  3:30  Drone  
  45  3:37  Drone  
  45  3:40  Drone  
  47  3:42  Drone x3  
  47  3:45  Drone, Overlord  
  47  3:47  Drone  
  52  3:51  Queen  
  52  3:54  Drone  
  55  3:59  Roach Warren  
  55  4:02  Zergling x4  
  56  4:06  Lair  
  56  4:09  Zergling x4  
  58  4:12  Spore Crawler  
  56  4:17  Zergling x4  
  56  4:18  Spore Crawler  
  56  4:19  Drone  
  56  4:20  Drone  
  56  4:23  Spore Crawler  
  56  4:24  Drone  
  59  4:26  Drone  
  60  4:31  Zergling x4  
  60  4:34  Overlord  
  60  4:35  Spore Crawler, Drone  
  60  4:36  Drone  
  60  4:38  Drone  
  64  4:41  Queen  
  66  4:46  Drone  
  66  4:48  Overlord  
  66  4:53  Drone  
  66  4:54  Drone x3  
  66  4:57  Drone  
  71  5:00  Overlord  
  71  5:03  Evolution Chamber  
  71  5:05  Drone x4  
  73  5:07  Drone x2  
  73  5:09  Drone  
  73  5:13  Drone x2  
  75  5:18  Drone  
  75  5:20  Drone  
  75  5:21  Extractor  
  74  5:22  Queen, Extractor  
  74  5:23  Drone, Extractor  
  74  5:26  Overseer  
  75  5:30  Roach x2  
  75  5:31  Drone, Zerg Missile Weapons Level 1  
  80  5:38  Roach x2  
  80  5:39  Roach  
  80  5:40  Drone  
  80  5:41  Drone, Hatchery  
  87  5:43  Drone x2  
  87  5:47  Roach  
  87  5:49  Overlord  
  91  5:52  Overlord  
  91  5:54  Extractor  
  91  5:56  Extractor  
  89  5:57  Overlord  
  89  6:02  Overlord  
  89  6:06  Drone  
  89  6:07  Overlord  
  89  6:09  Glial Reconstitution, Drone x2  
  89  6:10  Drone x2  
  89  6:11  Drone x4  
  98  6:23  Roach x3  
  102  6:27  Drone  
  102  6:28  Drone x3  
  102  6:29  Baneling Nest, Overlord  
  102  6:30  Drone x2  
  107  6:36  Overlord  
  107  6:37  Drone x2  
  115  6:40  Roach x3  
  115  6:45  Drone x2  
  117  6:47  Queen  
  117  6:49  Overlord  
  117  6:51  Drone x3  
  122  6:54  Drone x2  
  122  6:58  Roach  
  122  7:00  Roach  
  128  7:02  Queen  
  128  7:03  Spore Crawler  
  128  7:04  Roach  
  128  7:07  Roach x3  
  137  7:08  Overlord  
  137  7:09  Zergling x6  
  137  7:10  Zergling x2  
  137  7:14  Drone x2  
  143  7:17  Evolution Chamber  
  143  7:18  Zergling x6  
  143  7:21  Zergling x2  
  146  7:27  Centrifugal Hooks, Zerg Melee Weapons Level 1  
  146  7:28  Zergling x6  
  149  7:32  Zergling x2  
  149  7:34  Ravager x2  
  149  7:35  Ravager x2, Spine Crawler  
  149  7:36  Ravager  
  154  7:37  Zergling x12, Hatchery  
  159  7:46  Roach x4  
  159  7:47  Zergling x2  
  159  7:48  Zergling x2  
  159  7:49  Overlord  
  167  7:57  Zergling x2  
  166  7:59  Overlord  
  166  8:03  Zergling x4  
  166  8:05  Overlord  
  166  8:06  Zergling x2  
  166  8:07  Zergling x6  
  169  8:13  Drone  
  169  8:14  Zergling x10  
  169  8:15  Zerg Missile Weapons Level 2, Overlord  
  169  8:16  Overlord  
  169  8:18  Zergling x6  
  178  8:26  Zergling x8  
  180  8:29  Baneling x15  
  180  8:30  Zergling x6  
  181  8:35  Infestation Pit  
  181  8:37  Zergling x8  
  182  8:43  Zergling x6  
  182  8:46  Zergling x10  
  182  8:47  Zergling x2  
  185  8:53  Baneling x5  
  185  8:54  Baneling x22  
  182  8:58  Zergling x8  
  182  9:02  Drone x3  
  186  9:03  Drone x2  
  186  9:08  Zergling x6  
  191  9:12  Zergling x4  
  191  9:13  Zergling x2  
  191  9:15  Zergling x2  
  191  9:16  Zergling x2  
  189  9:21  Hive  
  189  9:22  Zergling x8  
  189  9:23  Zergling x2  
  192  9:29  Baneling x11  
  192  9:30  Drone x2  
  194  9:31  Drone x3  
  194  9:32  Drone, Extractor  
  194  9:33  Zergling x4  
  194  9:35  Overlord  
  194  9:37  Spore Crawler  
  192  9:49  Zergling x2  
  192  9:50  Zergling x18  
  188  9:56  Zergling x2, Roach x2  
  188  9:57  Zergling x2  
  188  9:59  Zergling x2  
  175  10:06  Zergling x8  
  179  10:10  Baneling x20, Queen  
  179  10:12  Zergling x8  
  185  10:17  Zergling x6  
  185  10:21  Zergling x4  
  190  10:26  Zergling x4  
  184  10:36  Zergling x24  
  184  10:38  Zergling x2  
Tags
 
Add a new tag
Caveats
  • Supply blocks, unpowered buildings, or Contaminate may cause inaccurate times.
  • Supply counts are checked every 10 seconds.